 Dungeon Crawl Stone Soup version 0.26.1-11-gd32895ea62 (webtiles) character file.

Game seed: 9332865030126881279

333 dtburroughs the Chopper (level 6, -7/55 HPs)
             Began as a Minotaur Berserker on June 21, 2021.
             Was a Believer of Trog.
             Mangled by Menkaure (11 damage)
             ... on level 4 of the Dungeon.
             The game lasted 00:06:38 (3314 turns).

dtburroughs the Chopper (Minotaur Berserker)        Turns: 3314, Time: 00:06:39

Health: -7/55      AC:  5    Str: 21    XL:     6   Next: 27%
Magic:  5/5        EV:  9    Int:  6    God:    Trog [**....]
Gold:   153        SH:  9    Dex: 10    Spells: 5/5 levels left

rFire    . . .     SeeInvis .   a - +0 hand axe
rCold    . . .     Faith    .   v - +0 kite shield
rNeg     . . .     Spirit   .   n - +0 ring mail
rPois    .         Reflect  .   (helmet restricted)
rElec    .         Harm     .   (no cloak)
rCorr    .         Rampage  .   (no gloves)
Will     ++...                  (no boots)
Stlth    ..........             (no amulet)
HPRegen  1.18/turn              (no ring)
MPRegen  0.09/turn              (no ring)

@: regenerating (expiring)
A: retaliatory headbutt, horns 2
a: Renounce Religion, Berserk, Trog's Hand


You were on level 4 of the Dungeon.
You worshipped Trog.
Trog was pleased with you.
You visited 1 branch of the dungeon, and saw 4 of its levels.

You collected 153 gold pieces.

Inventory:

Hand Weapons
 a - a +0 hand axe (weapon)
Armour
 b - a +0 animal skin
 l - a scarf of harm
 n - a +0 ring mail (worn)
 v - a +0 kite shield (worn)
Wands
 t - a wand of acid (11)
 u - a wand of random effects (19)
Scrolls
 d - 3 scrolls of fog {unknown}
 f - 2 scrolls of immolation {unknown}
 j - 4 scrolls of remove curse {unknown}
 m - 3 scrolls of enchant armour {unknown}
 p - a scroll of fear {unknown}
 r - 3 scrolls of amnesia {unknown}
 s - 3 scrolls of identify {unknown}
Potions
 c - a potion of lignification {unknown}
 e - a potion of might {unknown}
 g - 3 potions of attraction {unknown}
 h - a potion of heal wounds {unknown}
 i - 4 potions of curing {unknown}
 k - a potion of brilliance {unknown}
 o - 2 potions of degeneration {unknown}
 q - a potion of mutation {unknown}


   Skills:
 + Level 4.9 Fighting
 + Level 4.9 Axes
 + Level 4.1 Armour
 + Level 3.7 Dodging
 + Level 2.8 Shields
 + Level 1.0 Evocations


You had 5 spell levels left.
You didn't know any spells.
Your spell library was empty.

Dungeon Overview and Level Annotations

Branches:
Dungeon (4/15)
 Temple: D:4-7

Altars:

Annotations:
D:4 Menkaure


Innate Abilities, Weirdness & Mutations

You reflexively headbutt those who attack you in melee.
You have a pair of horns on your head.


Message History

Menkaure is moderately damaged.
You block Menkaure's attack. Menkaure hits you!!
You hit Menkaure but do no damage.
Menkaure is moderately damaged.
You block Menkaure's attack.
You hit Menkaure. Your headbutt misses Menkaure.
Menkaure is heavily damaged.
You feel the effects of Trog's Hand fading.
Menkaure calls on the powers of darkness!
Your body is wracked with pain!
You closely miss Menkaure. You headbutt Menkaure.
Menkaure is severely damaged.
Menkaure hits you but does no damage.
An orc comes into view.
It is wielding a +2 flail of holy wrath.
Menkaure hits you!!
* * * LOW HITPOINT WARNING * * *
You barely miss Menkaure.
Menkaure is severely damaged.
Menkaure hits you!
You die...

.M.. ... .. .## #
########## #o#.#
#......... #.#.#
#.........
#...#####.........
#M#<..............
#@#........<......
#.#.......#)######
#.#.......#.#
#.#.......#)####
#.#............#
#.##......######
#####.##.......#
#.....#####....#
#####.# #....#


You could see Menkaure (fast) and an orc.

Vanquished Creatures
  An ogre (D:4)
  A scorpion (D:4)
  A howler monkey (D:4)
  A centaur skeleton (D:3)
  Ijyb (D:3)
  A hound skeleton (D:3)
  2 adders (D:3)
  2 adder zombies (D:3)
  A worm (D:2)
  2 dart slugs
  3 orcs (D:4)
  5 bats
  5 giant cockroaches
  7 goblins
  8 hobgoblins
  5 jackals
  10 kobolds
  3 quokkas
  A ball python (D:1)
  3 frilled lizards (D:1)
  2 leopard gecko skeletons (D:3)
  3 rats (D:2)
68 creatures vanquished.

Notes
Turn   | Place    | Note
-------+----------+-------------------------------------------
     0 | D:1      | dtburroughs the Minotaur Berserker began the quest for the
                  | Orb.
     0 | D:1      | Reached XP level 1. HP: 19/19 MP: 0/0
    71 | D:1      | Reached XP level 2. HP: 9/27 MP: 1/1
  1200 | D:2      | Reached XP level 3. HP: 33/33 MP: 2/2
  1353 | D:2      | Reached ** piety under Trog
  1436 | D:2      | Reached skill level 1 in Shields
  2048 | D:3      | Reached XP level 4. HP: 36/40 MP: 3/3
  2265 | D:3      | Noticed Ijyb
  2300 | D:3      | Killed Ijyb
  2468 | D:3      | Reached XP level 5. HP: 46/47 MP: 4/4
  3079 | D:4      | Noticed an ogre
  3089 | D:4      | Killed an ogre
  3106 | D:4      | Reached XP level 6. HP: 32/55 MP: 5/5
  3294 | D:4      | Noticed Menkaure
  3306 | D:4      | Reached skill level 1 in Evocations
  3314 | D:4      | Mangled by Menkaure

Illustrated notes

Levels and vault maps discovered:
D:1:      wander_arrival_lonely_grave, layout_basic, minmay_misc_feat_five,
          minmay_misc_feat_columns, minmay_pentomino_o2
D:2:      layout_basic
D:3:      layout_basic, serial_undead, serial_undead_b, serial_undead_d,
          serial_undead_e, serial_undead_c, uniq_ijyb
D:4:      layout_basic, lemuel_zombie_altar_yredelemnul, ashenzari_altar_1,
          minmay_door_square, uniq_robin, uniq_menkaure

Skill      XL: |  1  2  3  4  5  6 |
---------------+-------------------+-----
Axes           | 4 |  4.9
Fighting       | 4 |  4.9
Armour         | 3 4 |  4.1
Shields        | 1 2 |  2.8
Dodging        | 3 |  3.7
Evocations     | 1 |  1.0

Action                   |  1- 3 |  4- 6 || total
-------------------------+-------+-------++-------
Melee: Hand axe          |   106 |    76 ||   182
       Headbutt          |    15 |    20 ||    35
Invok: Trog's Hand       |       |     1 ||     1
 Stab: Sleeping          |     1 |       ||     1
Armor: Animal skin       |     6 |       ||     6
       Ring mail         |    26 |    20 ||    46
Dodge: Dodged            |    76 |    31 ||   107
Block: Buckler           |    17 |     5 ||    22
       Kite shield       |       |    11 ||    11
